 Dungeon Crawl Stone Soup version 0.20.1-1-g8b1a95d (webtiles) character file.

238 warcin the Firebug (level 6, -12/55 HPs)
             Began as an Ogre Fire Elementalist on Sept 11, 2017.
             Engulfed by a cloud of flame (20 damage)
             ... on level 3 of the Dungeon.
             The game lasted 00:21:23 (1985 turns).

warcin the Firebug (Ogre Fire Elementalist)         Turns: 1985, Time: 00:21:27

Health: -12/55     AC:  4    Str: 13    XL:     6   Next: 7%
Magic:  0/11       EV: 10    Int: 18    God:
Gold:   94         SH:  0    Dex:  9    Spells: 6/12 levels left

rFire    . . .     SeeInvis .   c - +0 scythe
rCold    . . .     Gourm    .   (shield currently unavailable)
rNeg     . . .     Faith    .   p - +1 robe
rPois    .         Spirit   .   (helmet restricted)
rElec    .         Reflect  .   (no cloak)
rCorr    .         Harm     .   (gloves unavailable)
MR       .....                  (boots unavailable)
Stlth    ++........             (no amulet)
Regen    0.2/turn               (no ring)
MPRegen  0.2/turn               (no ring)

@: very slightly contaminated
A: unfitting armour, tough skin 1
a: no special abilities


You were on level 3 of the Dungeon.
You were not hungry.

You visited 1 branch of the dungeon, and saw 3 of its levels.

You collected 94 gold pieces.

Inventory:

Hand Weapons
 c - a +0 scythe (weapon)
 f - a +0 dagger
 g - a cursed -2 club
 h - a cursed +0 short sword
 k - a cursed -1 club
 m - a +0 hunting sling
 x - a +0 short sword of draining
Missiles
 j - 28 stones (quivered)
 n - 31 bolts
 q - 17 arrows
Armour
 a - a +0 robe
 d - a +0 robe
 e - a cursed +0 leather armour
 p - a +1 robe (worn)
 v - a +0 robe
 w - a +0 leather armour
Scrolls
 i - a scroll of magic mapping
 s - a scroll of remove curse
 t - a scroll of teleportation
 u - 2 scrolls of identify
 A - a scroll of blinking
Books
 b - a book of Flames

   Spells                             Type                      Level
   a - Flame Tongue                   Conjuration/Fire             1
   b - Throw Flame                    Conjuration/Fire             2
   c - Conjure Flame                  Conjuration/Fire             3
   d - Inner Flame                    Hexes/Fire                   3
   e - Sticky Flame                   Conjuration/Fire             4
   f - Fireball                       Conjuration/Fire             5
 o - a book of Cantrips

   Spells                             Type                      Level
   a - Confusing Touch                Hexes                        1
   b - Animate Skeleton               Necromancy                   1
   c - Summon Small Mammal            Summoning                    1
   d - Apportation                    Translocation                1
Comestibles
 l - 5 chunks of flesh
 r - a meat ration
 B - 2 fruits


   Skills:
 + Level 1.0 Fighting
 + Level 0.3 Short Blades
 + Level 2.7 Dodging
 + Level 1.6 Stealth
 + Level 3.9 Spellcasting
 + Level 2.1 Conjurations
 + Level 4.0 Fire Magic


You had 6 spell levels left.
You knew the following spells:

 Your Spells              Type           Power        Failure   Level  Hunger
a - Flame Tongue          Conj/Fire      ##...        4%          1    None
b - Throw Flame           Conj/Fire      ##....       6%          2    ##.....
c - Conjure Flame         Conj/Fire      ##......     12%         3    ###....


Dungeon Overview and Level Annotations

Branches:
Dungeon (3/15)

Altars:


Innate Abilities, Weirdness & Mutations

You are too large for most types of armour.
You have tough skin. (AC +1)


Message History

The orc barely misses you. x2
The orc hits you from afar with a trident.
* * * LOW HITPOINT WARNING * * *
As you read the scroll of immolation, it crumbles to dust.
The creatures around you are filled with an inner flame!
The orc closely misses you. The orc hits you but does no damage.
It was a potion of heal wounds.
You feel much better. The orc completely misses you.
Casting: Flame Tongue
Confirm with . or Enter, or press ? or * to list all spells.
Aiming: Flame Tongue
Press: ? - help, Shift-Dir - straight line, f/p - orc
Aim: an orc, wielding a club (heavily wounded, inner flame)
The flame tongue hits the orc.
The orc explodes!
The fiery explosion engulfs you!
Ouch! That really hurt!
* * * LOW HITPOINT WARNING * * *
You are engulfed in blazing flames.
You die...

#################
#
#...@§§o....#)##.
#
##########..#.##.
# #.....)<##.## #
#.......##..###
#......o###....
#........o..###
#.......###....
#.......#######
#..(..)........


You could see an orc (inner flame).

Vanquished Creatures
  Sigmund (D:2)
  A gnoll (D:1)
  An adder (D:2)
  An ooze (D:1)
  A dart slug (D:1)
  5 leopard geckos
  2 orcs (D:3)
  2 bats
  A giant cockroach (D:2)
  6 hobgoblins
  3 quokkas
  4 frilled lizards
  11 goblins
  5 kobolds
  2 rats (D:1)
46 creatures vanquished.

Notes
Turn   | Place    | Note
-------+----------+-------------------------------------------
     0 | D:1      | warcin the Ogre Fire Elementalist began the quest for the Orb.
     0 | D:1      | Reached XP level 1. HP: 16/16 MP: 3/3
   282 | D:1      | Reached skill level 3 in Fire Magic
   422 | D:1      | Reached XP level 2. HP: 24/24 MP: 1/5
   444 | D:1      | Learned a level 2 spell: Throw Flame
   811 | D:1      | Reached XP level 3. HP: 32/32 MP: 1/6
   915 | D:1      | Reached skill level 1 in Fighting
  1054 | D:1      | Reached skill level 1 in Conjurations
  1156 | D:2      | Learned a level 3 spell: Conjure Flame
  1218 | D:2      | Noticed Sigmund
  1246 | D:2      | Killed Sigmund
  1246 | D:2      | Reached XP level 4. HP: 23/41 MP: 0/9
  1246 | D:2      | Reached XP level 5. HP: 27/48 MP: 0/10
  1495 | D:2      | Reached skill level 4 in Fire Magic
  1720 | D:2      | Reached XP level 6. HP: 55/55 MP: 6/11
  1985 | D:3      | Engulfed by a cloud of flame

Skill      XL: |  1  2  3  4  5 |
---------------+----------------+-----
Fire Magic     | 3 4 |  4.0
Dodging        | 2 |  2.7
Fighting       | 1 |  1.0
Conjurations   | 2 |  2.1
Spellcasting   | 3 |  3.9
Short Blades   | |  0.3
Stealth        | |  1.6

Action                   |  1- 3 |  4- 6 || total
-------------------------+-------+-------++-------
Melee: Unarmed           |    16 |       ||    16
       Dagger            |    16 |    19 ||    35
       Scythe            |       |    14 ||    14
 Cast: Flame Tongue      |    27 |     9 ||    36
       Throw Flame       |    13 |    19 ||    32
       Conjure Flame     |       |     4 ||     4
  Use: Scroll            |     3 |     4 ||     7
       Potion            |     3 |     2 ||     5
 Stab: Sleeping          |       |     1 ||     1
  Eat: Bread ration      |     1 |       ||     1
       Chunk             |     1 |       ||     1
Armor: Robe              |     9 |    11 ||    20
Dodge: Dodged            |    19 |    36 ||    55
